 Dungeon Crawl Stone Soup version 0.20.1-1-g8b1a95d (webtiles) character file.

3491 Saithnar the Blocker (level 9, -1/78 HPs)
             Began as a Minotaur Fighter on Aug 18, 2017.
             Was a Priest of Makhleb.
             Shot with a sling bullet by Joseph (15 damage)
             ... on level 8 of the Dungeon.
             The game lasted 00:32:04 (7101 turns).

Saithnar the Blocker (Minotaur Fighter)             Turns: 7101, Time: 00:32:05

Health: -1/78      AC: 12    Str: 23    XL:     9   Next: 80%
Magic:  8/8        EV:  8    Int:  5    God:    Makhleb [***...]
Gold:   332        SH: 13    Dex: 11    Spells: 8/8 levels left

rFire    . . .     SeeInvis .   T - +4 Vampire's Tooth {vamp}
rCold    . . .     Gourm    .   c - +1 shield
rNeg     . . .     Faith    .   o - +0 chain mail
rPois    .         Spirit   .   (helmet restricted)
rElec    .         Reflect  .   (no cloak)
rCorr    .         Harm     .   (no gloves)
MR       .....                  v - +0 pair of boots
Stlth    ..........             (no amulet)
Regen    0.3/turn               (no ring)
MPRegen  0.2/turn               (no ring)

@: no status effects
A: retaliatory headbutt, horns 2
a: Minor Destruction, Lesser Servant of Makhleb, Renounce Religion


You were on level 8 of the Dungeon.
You worshipped Makhleb.
Makhleb was most pleased with you.
You were not hungry.

You visited 1 branch of the dungeon, and saw 8 of its levels.
You also visited: Sewer.

You collected 374 gold pieces.
You spent 42 gold pieces at shops.

Inventory:

Hand Weapons
 a - a +1 long sword
 d - a +0 flail
 e - a +1 flail of protection
 i - a +0 dagger of flaming
 j - a +0 long sword
 w - a +0 flail of protection
 C - a +1 whip of freezing
 F - a +0 rapier
 T - the +4 Vampire's Tooth (weapon) {vamp}
   (You found it on level 5 of the Dungeon)

   It inflicts no extra harm, but heals its wielder when it wounds a living foe.
 Y - a +3 mace
Armour
 b - a +0 scale mail
 c - a +1 shield (worn)
 f - a +0 animal skin
 h - a +0 animal skin
 o - a +0 chain mail (worn)
 v - a +0 pair of boots (worn)
 z - a +0 ring mail
 A - a +0 chain mail
 G - a +0 ring mail
 I - a +0 scale mail
 Q - a +0 chain mail
Magical Staves
 q - an uncursed staff of poison
Jewellery
 N - an uncursed ring of resist corrosion {unknown}
Wands
 n - a wand of confusion (21/48)
 r - a wand of acid (4/15)
 J - a wand of polymorph (14/24)
 L - a wand of iceblast (5/15)
 O - a wand of polymorph (9/24)
Scrolls
 k - 7 scrolls of identify
 t - a scroll of enchant armour
 u - 2 scrolls of magic mapping
 x - 2 scrolls of amnesia
 P - 2 scrolls of remove curse
Potions
 g - a potion of cancellation
 l - 3 potions of brilliance
 m - a potion of lignification {unknown}
 R - a potion of mutation {unknown}
 S - a potion of invisibility {unknown}
 V - a potion of flight {unknown}
 W - a potion of ambrosia {unknown}
 X - a potion of haste {unknown}
 Z - a potion of magic {unknown}
Books
 M - a book of Misfortune

   Spells                             Type                      Level
   a - Confusing Touch                Hexes                        1
   b - Confuse                        Hexes                        3
   c - Gell's Gravitas                Translocation                3
   d - Petrify                        Transmutation/Earth          4
   e - Metabolic Englaciation         Hexes/Ice                    5
   f - Yara's Violent Unravelling     Hexes/Transmutation          5
Comestibles
 p - a bread ration
 B - a royal jelly


   Skills:
 + Level 6.4 Fighting
 * Level 6.7(8.0) Short Blades
 + Level 7.2(8.7) Long Blades
 + Level 8.2 Armour
 + Level 3.4 Dodging
 + Level 1.7 Stealth
 + Level 9.2 Shields
 + Level 0.4 Invocations


You had 8 spell levels left.
You didn't know any spells.

Dungeon Overview and Level Annotations

Branches:
Dungeon (8/15)             Temple (0/1) D:5
   Lair: D:8-11

Altars:
Elyvilon
Fedhas
Makhleb
Sif Muna
Uskayaw
Yredelemnul
Zin

Shops:
D:6 *}   D:8 (

Annotations:
D:8 Joseph; Shiggs's ghost, novice NaIE


Innate Abilities, Weirdness & Mutations

You reflexively headbutt those who attack you in melee.
You have a pair of horns on your head.


Message History

The ufetubus disappears in a puff of smoke! x4
Shiggs's ghost gestures at you while chanting.
The puff of frost hits you!
* * * LOW HITPOINT WARNING * * *
Found 11 gold pieces.
Found Kumin's Antique Weapon Shop.
As you open the door, it creaks loudly!
There is an open door here.
Okay, then.
As you read the scroll of teleportation, it crumbles to dust.
You feel strangely unstable.
Your surroundings suddenly seem different.
Joseph, a Mercenary comes into view.
He is wielding a quarterstaff.
Joseph shouts!
An adder comes into view.
The adder hisses angrily.
Joseph unwields an uncursed quarterstaff.
Joseph wields a hunting sling.
Joseph shoots a sling bullet.
The sling bullet hits you!
You die...

##########
.........#
.....S...#
#.......###
#.@..@#
.......#.#.#
....... .#
##.###. .# #
#. ## .. ##
#.. ##.#


You could see Joseph and an adder.

Vanquished Creatures
  Pikel (D:6)
  The ghost of Monsterracer the Ruffian, a novice NaTm (D:5)
  A wyvern (D:7)
  Eustachio (D:4)
  Menkaure (D:6)
  2 water moccasins (D:7)
  An ice beast (D:5)
  An ogre (D:8)
  An orc warrior (D:6)
  2 slaves (D:6)
  A necrophage (D:7)
  A centaur (D:5)
  2 bullfrogs (D:7)
  A scorpion (D:8)
  A water moccasin skeleton (D:5)
  3 wights (D:6)
  A howler monkey (D:5)
  2 vampire bats (D:5)
  5 crimson imps
  A bullfrog zombie (D:6)
  A bullfrog skeleton (D:7)
  2 jellies (D:6)
  2 orc priests
  5 hounds
  2 centaur skeletons (D:6)
  4 orc wizards
  An iguana (D:5)
  Jessica (D:3)
  Terence (D:2)
  5 worker ants
  A mummy (D:6)
  A worker ant zombie (D:7)
  A howler monkey skeleton (D:5)
  13 adders
  2 river rats (D:3)
  A shadow imp (D:8)
  An adder skeleton (D:5)
  4 worms
  6 dart slugs
  4 leopard geckos
  12 orcs
  6 giant cockroaches
  9 goblins
  8 hobgoblins
  5 jackals
  4 kobolds
  4 quokkas
  3 ball pythons
  17 bats
  9 frilled lizards
  A hobgoblin zombie (D:6)
  An orc zombie (D:6)
  11 rats
178 creatures vanquished.

Notes
Turn   | Place    | Note
-------+----------+-------------------------------------------
     0 | D:1      | Saithnar the Minotaur Fighter began the quest for the Orb.
     0 | D:1      | Reached XP level 1. HP: 19/19 MP: 0/0
   100 | D:1      | Reached XP level 2. HP: 22/27 MP: 1/1
   370 | D:1      | Reached XP level 3. HP: 29/33 MP: 2/2
  1080 | D:2      | Noticed Terence
  1098 | D:2      | Killed Terence
  1098 | D:2      | Reached skill level 4 in Shields
  1098 | D:2      | Reached XP level 4. HP: 11/41 MP: 3/3
  1907 | D:3      | Found a burning altar of Makhleb.
  1923 | D:3      | Became a worshipper of Makhleb the Destroyer
  2220 | D:3      | Reached skill level 1 in Dodging
  2220 | D:3      | Reached XP level 5. HP: 23/47 MP: 4/4
  2387 | D:3      | Found a glowing drain.
  2400 | Sewer    | Entered a sewer
  2503 | D:3      | Reached * piety under Makhleb
  2594 | D:3      | Noticed Jessica
  2599 | D:3      | Killed Jessica
  2895 | D:4      | Noticed Eustachio
  2922 | D:4      | Killed Eustachio
  2922 | D:4      | Reached skill level 5 in Fighting
  2922 | D:4      | Reached skill level 5 in Long Blades
  2922 | D:4      | Reached skill level 5 in Shields
  2922 | D:4      | Reached XP level 6. HP: 56/56 MP: 5/5
  3592 | D:5      | Entered Level 5 of the Dungeon
  3664 | D:5      | Found a staircase to the Ecumenical Temple.
  3691 | D:5      | Noticed Monsterracer's ghost (novice NaTm)
  3714 | D:5      | Killed Monsterracer's ghost
  3714 | D:5      | Reached skill level 5 in Armour
  3714 | D:5      | Reached skill level 6 in Shields
  3714 | D:5      | Reached XP level 7. HP: 58/61 MP: 6/6
  4035 | D:5      | Found a deep blue altar of Sif Muna.
  4071 | D:5      | Reached skill level 1 in Stealth
  4124 | D:5      | Reached XP level 8. HP: 69/69 MP: 7/7
  4452 | D:5      | Reached ** piety under Makhleb
  4512 | D:6      | Found Rutuajalo's General Store.
  4548 | D:6      | Bought a potion of curing for 42 gold pieces
  4569 | D:6      | Found Nietareg's Gadget Shoppe.
  4599 | D:6      | Reached skill level 1 in Short Blades
  4781 | D:6      | Found a hide-covered altar of Uskayaw.
  4800 | D:6      | Reached skill level 7 in Shields
  5339 | D:6      | Noticed Pikel
  5362 | D:6      | Noticed Menkaure
  5374 | D:6      | Killed Menkaure
  5802 | D:6      | Found a blossoming altar of Fedhas.
  5815 | D:6      | Found a basalt altar of Yredelemnul.
  5831 | D:6      | Found a glowing silver altar of Zin.
  5982 | D:6      | Killed Pikel
  5982 | D:6      | Reached skill level 8 in Shields
  5982 | D:6      | Reached XP level 9. HP: 75/75 MP: 8/8
  6061 | D:7      | Reached skill level 5 in Short Blades
  6075 | D:7      | Found a white marble altar of Elyvilon.
  6811 | D:8      | Reached *** piety under Makhleb
  6817 | D:8      | Reached skill level 9 in Shields
  7048 | D:8      | Noticed Shiggs's ghost (novice NaIE)
  7093 | D:8      | Found Kumin's Antique Weapon Shop.
  7101 | D:8      | Noticed Joseph
  7101 | D:8      | Shot with a sling bullet by Joseph

Skill      XL: |  1  2  3  4  5  6  7  8  9 |
---------------+----------------------------+-----
Fighting       | 4 5 6 |  6.4
Long Blades    | 3 4 5 6 7 |  7.2
Armour         | 4 5 7 8 |  8.2
Shields        | 4 5 6 8 9 |  9.2
Dodging        | 1 2 3 |  3.4
Stealth        | 1 |  1.7
Short Blades   | 4 6 |  6.7
Invocations    | |  0.4

Action                   |  1- 3 |  4- 6 |  7- 9 || total
-------------------------+-------+-------+-------++-------
Melee: Long sword        |   106 |   143 |    58 ||   307
       Headbutt          |    12 |    25 |    88 ||   125
       Dagger            |       |       |   391 ||   391
Invok: Minor Destruction |       |       |     1 ||     1
       Lesser Servant of |       |       |     1 ||     1
  Use: Scroll            |     6 |     4 |     7 ||    17
       Potion            |     2 |     3 |     7 ||    12
  Eat: Meat ration       |       |     1 |     2 ||     3
       Bread ration      |       |     1 |     1 ||     2
       Chunk             |       |     1 |       ||     1
Armor: Scale mail        |    47 |       |       ||    47
       Ring mail         |     8 |    48 |       ||    56
       Chain mail        |       |    27 |   183 ||   210
Dodge: Dodged            |    32 |    56 |    94 ||   182
Block: Shield            |    63 |    89 |   256 ||   408
       Rpst.: Long sword |     8 |    16 |     7 ||    31
